 Dungeon Crawl Stone Soup version 0.30-a0-694-g3340775977 (webtiles) character file.

Game seed: 10382319233373243027

66 Alitron123 the Poker (level 3, -2/23 (28) HPs)
             Began as a Demonspawn Reaver on Jan 20, 2023.
             Slain by a necrophage (6 damage)
             ... on level 6 of the Dungeon.
             The game lasted 00:03:47 (1654 turns).

Alitron123 the Poker (Demonspawn Reaver)            Turns: 1654, Time: 00:03:48

HP:   -2/23 (28)    AC:  6    Str: 12    XL:     3   Next: 96%
MP:   6/6           EV: 12    Int: 16    God:
Gold: 73            SH:  0    Dex: 11    Spells: 5/6 levels left

rFire   . . .      SeeInvis .    k - staff of conjuration
rCold   . . .      Faith    .    i - orb {*Rage}
rNeg    . . .      Spirit   .    n - +0 robe
rPois   .          Reflect  .    (no helmet)
rElec   .          Harm     .    (no cloak)
rCorr   .          Rampage  .    o - +0 pair of gloves
Will    .....      Rage     20%  (no boots)
Stlth   +                        (no amulet)
HPRegen 0.23/turn                (no ring)
MPRegen 0.10/turn                (no ring)

@: lethally poisoned (-2 -> -21), heavily drained
A: icy blue scales 2
a: no special abilities


You were on level 6 of the Dungeon.
You visited 1 branch of the dungeon, and saw 4 of its levels.

You collected 73 gold pieces.

Inventory:

Hand Weapons
 a - a +0 spear
Armour
 i - an orb of wrath (worn)
 n - a +0 robe (worn)
 o - a +0 pair of gloves (worn)
Magical Staves
 k - a staff of conjuration (weapon)
Scrolls
 c - a scroll of magic mapping {unknown}
 d - a scroll of enchant armour {unknown}
 g - 2 scrolls of fog {unknown}
 j - 2 scrolls of enchant weapon {unknown}
 l - a scroll of identify {unknown}
Potions
 b - a potion of flight {unknown}
 e - a potion of heal wounds {unknown}
 h - 2 potions of brilliance {unknown}


   Skills:
 + Level 2.4 Fighting
 + Level 3.4 Polearms
 + Level 1.1 Armour
 + Level 2.1 Dodging
 + Level 2.0 Spellcasting
 + Level 3.2 Conjurations


You had 5 spell levels left.
You knew the following spells:

 Your Spells              Type           Power      Damage    Failure   Level
a - Kiss of Death         Conj/Necr      40%        2d8       11%         1

Your spell library contained the following spells:

 Spells                   Type           Power      Damage    Failure   Level
 Momentum Strike          Conj/Tloc      20%        3d8       16%         2
 Hailstorm                Conj/Ice       10%        3d5       32%         3


Dungeon Overview and Level Annotations

Branches:
Dungeon (6/15)
 Temple: D:4-7

Altars:
Vehumet


Innate Abilities, Weirdness & Mutations

You are mostly covered in icy blue scales. (AC +3)


Message History

The phantom misses you. The necrophage hits you.
You hit the necrophage.
The necrophage is lightly damaged.
The phantom hits you. The necrophage barely misses you.
You hit the necrophage.
The necrophage is moderately damaged.
The phantom completely misses you.
The necrophage hits you but does no damage.
The kobold brigand hits the bush but does no damage.
You hit the necrophage.
The necrophage is moderately damaged.
The phantom closely misses you. The necrophage barely misses you.
The kobold closely misses you.
The kobold hits the bush but does no damage.
You hit the necrophage.
The necrophage is moderately damaged.
The phantom misses you.
The necrophage hits you but does no damage.
The kobold hits you but does no damage.
You hit the necrophage.
The necrophage is moderately damaged.
The phantom misses you. The necrophage barely misses you.
The kobold hits you with a +0 short sword.
You hit the necrophage.
The necrophage is heavily damaged.
The phantom barely misses you. The kobold hits you but does no damage.
The necrophage closely misses you.
The kobold hits you with a +1 whip of venom.
You are poisoned.
You closely miss the necrophage.
The necrophage is heavily damaged.
You feel very sick. The kobold hits you with a +0 whip.
The phantom barely misses you. The kobold closely misses you.
The kobold hits you with a +1 whip of venom.
You are lethally poisoned!
The necrophage hits you.
You feel drained. The phantom hits you.
* * * LOW HITPOINT WARNING * * *
The necrophage hits you.
You die...

#.##..........#...
......?#..........
................# ##
.................##..
........<........#...
..................... ..
....................# .#
........n........#### .#
.......K@K........####.##
.......KWK...............
.#.....K.........[......
#####.#####.....>......
#P.P #............ #...P
#..##........ ..÷..P
#####........ .....÷.#
#........ ♣~..§...♣
#........


You could see a kobold brigand, a necrophage, a phantom and 4 kobolds.

Vanquished Creatures
  2 adders (D:2)
  2 worms (D:2)
  4 ball pythons
  5 bats
  3 endoplasms
  8 hobgoblins
  5 jackals (D:1)
  3 frilled lizards
  3 goblins (D:1)
  2 kobolds
  5 rats
42 creatures vanquished.

Vanquished Creatures (others)
  4 plants (D:6)
4 creatures vanquished.

Grand Total: 46 creatures vanquished

Notes
Turn   | Place    | Note
-------+----------+-------------------------------------------
     0 | D:1      | Alitron123 the Demonspawn Reaver began the quest for the
                  | Orb.
     0 | D:1      | Reached XP level 1. HP: 16/16 MP: 3/3
   248 | D:1      | Gained mutation: You are partially covered in icy blue
                  | scales. (AC +2) [demonic ancestry]
   248 | D:1      | Reached XP level 2. HP: 22/22 MP: 5/5
   793 | D:2      | Gained mutation: You are mostly covered in icy blue scales.
                  | (AC +3) [demonic ancestry]
   793 | D:2      | Reached XP level 3. HP: 27/27 MP: 6/6
  1052 | D:2      | Reached skill level 1 in Armour
  1592 | D:3      | Found a radiant altar of Vehumet.
  1620 | D:3      | You fall into a shaft and drop 3 floors!
  1633 | D:6      | Noticed a phantom
  1638 | D:6      | Noticed a necrophage
  1643 | D:6      | Noticed a kobold brigand
  1654 | D:6      | Slain by a necrophage

Illustrated notes

Levels and vault maps discovered:
D:1:      heliophobic_arrival_dark_side_of_the_moon, layout_loops_ring,
          corexii_item_surrounded_by_moat
D:2:      layout_basic, hangedman_abyss_or_decor_stabs
D:3:      layout_basic, grunt_temple_overflow_magic_moments,
          gup_sewer_entry_glass
D:6:      layout_rooms, hangedman_decor_clover_reticule, lexackson_kobold_supper

Skill      XL: |  1  2  3 |
---------------+----------+-----
Polearms       | 3 |  3.4
Dodging        | 2 |  2.1
Armour         | 1 |  1.1
Fighting       | |  2.4
Spellcasting   | |  2.0
Conjurations   | |  3.2

Action                   || total
-------------------------++-------
Melee: Spear             ||   115
       Staff             ||    51
       Punch             ||     1
 Cast: Kiss of Death     ||     1
Armor: Leather armour    ||    16
       Plate armour      ||    60
       Skin              ||     9
       Robe              ||     8
       Ring mail         ||     4
Dodge: Dodged            ||    75

Table legend: (Time is in decaauts)
 A = Elapsed time spent in this place.
 B = Non-inter-level travel time spent in this place.
 C = Inter-level travel time spent in this place.
 D = Time resting spent in this place.
 E = Time spent auto-exploring this place.
 F = Levels seen in this place.
 G = Mean time per level.
                   A        B        C        D        E       F      G
               +--------+--------+--------+--------+--------+-----+--------+
         Total |   1690 |   1572 |    118 |      0 |   1147 |   4 |  422.5 |
       Dungeon |   1690 |   1572 |    118 |      0 |   1147 |   4 |  422.5 |
               +--------+--------+--------+--------+--------+-----+--------+

Top non-repeatable levels by time:
     D:1: 861 daAuts
     D:2: 762 daAuts
     D:6: 34 daAuts
     D:3: 32 daAuts
